 Dungeon Crawl Stone Soup version 0.25.1-2-g60ff931df9 (webtiles) character file.

Game seed: 13061738935180970593

126 Antenora the Skirmisher (level 4, 0/41 HPs)
             Began as a Draconian Abyssal Knight on Nov 5, 2020.
             Was a Believer of Lugonu.
             Succumbed to an adder's poison
             ... on level 3 of the Dungeon.
             The game lasted 00:07:29 (1786 turns).

Antenora the Skirmisher (Draconian Abyssal Knight)  Turns: 1786, Time: 00:07:30

Health: 0/41       AC:  5    Str: 15    XL:     4   Next: 83%
Magic:  5/5        EV: 13    Int: 12    God:    Lugonu [**....]
Gold:   160        SH:  0    Dex: 11    Spells: 3/3 levels left

rFire    . . .     SeeInvis .   a - +1 falchion
rCold    . . .     Gourm    .   (no shield)
rNeg     . . .     Faith    .   (armour unavailable)
rPois    .         Spirit   .   (helmet restricted)
rElec    .         Reflect  .   (no cloak)
rCorr    .         Harm     .   (no gloves)
MR       .....                  (no boots)
Stlth    +.........             (no amulet)
HPRegen  0.13/turn              (no ring)
MPRegen  0.09/turn              (no ring)

@: lethally poisoned (0 -> -4), flying (expiring)
A: unfitting armour, cold-blooded, AC +5
a: Depart the Abyss, Bend Space, Renounce Religion


You were on level 3 of the Dungeon.
You worshipped Lugonu.
Lugonu was pleased with you.
You were not hungry.

You visited 1 branch of the dungeon, and saw 3 of its levels.
You visited the Abyss 1 time.

You collected 160 gold pieces.

Inventory:

Hand Weapons
 a - a +1 falchion (weapon)
Scrolls
 c - a scroll of identify
 d - 2 scrolls of immolation
Comestibles
 b - 3 rations


   Skills:
 + Level 4.5 Fighting
 + Level 3.4 Long Blades
 + Level 3.0 Dodging
 + Level 2.1 Invocations


You had 3 spell levels left.
You didn't know any spells.
Your spell library was empty.

Dungeon Overview and Level Annotations

Branches:
Dungeon (3/15)

Altars:


Innate Abilities, Weirdness & Mutations

Your plain brown scales are hard. (AC +5)
You cannot fit into any form of body armour.
You are cold-blooded and may be slowed by cold attacks.


Message History

The adder poisons you!
* * * LOW HITPOINT WARNING * * *
You feel sick.
* * * LOW HITPOINT WARNING * * *
You feel sick.
* * * LOW HITPOINT WARNING * * *
You feel sick. The adder bites you but does no damage.
* * * LOW HITPOINT WARNING * * *
You feel sick.
* * * LOW HITPOINT WARNING * * *
You feel sick.
* * * LOW HITPOINT WARNING * * *
You feel sick. The adder closely misses you.
You riposte.
You hit the adder.
The adder is severely wounded.
The adder barely misses you.
You are starting to lose your buoyancy.
* * * LOW HITPOINT WARNING * * *
You feel sick. The adder closely misses you.
You die...

############# #
#....##.@...# #
#....##S###.# #
#%...##h#
#########...###o#######
.†...K..o..o...........
#.....###...#####.###.#
#...o.# #...# .#
#.....# #..## # #.....#
####


You could see an adder, an orc and a jackal.

Vanquished Creatures
  2 adders
  2 oozes
  3 worms (D:2)
  5 leopard geckos
  An orc (D:3)
  2 ball pythons (D:2)
  11 bats
  4 giant cockroaches
  8 goblins
  12 hobgoblins
  6 jackals
  13 kobolds
  A frilled lizard (D:2)
  6 rats
76 creatures vanquished.

Notes
Turn   | Place    | Note
-------+----------+-------------------------------------------
     0 | Abyss:1  | Antenora the Draconian Abyssal Knight began the quest for
                  | the Orb.
     0 | Abyss:1  | Reached XP level 1. HP: 19/19 MP: 2/2
    40 | Abyss:1  | Noticed an ancient zyme
    51 | D:1      | Escaped the Abyss
   103 | D:1      | Reached XP level 2. HP: 24/27 MP: 3/3
   153 | D:1      | Reached * piety under Lugonu
   567 | D:1      | Reached XP level 3. HP: 26/33 MP: 4/4
   653 | D:1      | Reached skill level 4 in Fighting
  1321 | D:2      | Reached ** piety under Lugonu
  1321 | D:2      | Reached XP level 4. HP: 29/41 MP: 5/5
  1780 | D:3      | HP: 2/41 [poisoned by an adder]
  1786 | D:3      | Succumbed to an adder's poison

Illustrated notes

Levels and vault maps discovered:
D:1:      erik_arrival_triangle_medium, layout_basic, minmay_misc_feat_encased
D:2:      layout_rooms, first_ration
D:3:      layout_basic, minmay_lizard_king, uniq_grinder

Skill      XL: |  1  2  3  4 |
---------------+-------------+-----
Fighting       | 4 |  4.5
Long Blades    | 3 |  3.4
Dodging        | 3 |  3.0
Invocations    | |  2.1

Action                   |  1- 3 |  4- 6 || total
-------------------------+-------+-------++-------
Melee: Falchion          |   102 |    78 ||   180
       Tailslap          |    13 |     8 ||    21
Invok: Depart the Abyss  |     1 |       ||     1
  Use: Scroll            |     2 |     2 ||     4
       Potion            |       |     2 ||     2
  Eat: Ration            |     1 |     1 ||     2
Armor: Skin              |    60 |    43 ||   103
Dodge: Dodged            |   118 |   143 ||   261
       Rpst.: Falchion   |    39 |    39 ||    78
